 Dungeon Crawl Stone Soup version 0.31-a0-986-g5e6e4ef867 (webtiles) character file.

Game seed: 13830160893746562303

354 quinnr the Zephyrmancer (level 6, -11/35 HPs)
             Began as a Tengu Air Elementalist on Nov 8, 2023.
             Shot with an arrow by a centaur (15 damage)
             ... on level 5 of the Dungeon on Nov 9, 2023.
             The game lasted 00:09:52 (3935 turns).

quinnr the Zephyrmancer (Tengu Air Elementalist)    Turns: 3935, Time: 00:09:53

Health: -11/35     AC:  3    Str:  9    XL:     6   Next: 63%
Magic:  9/10       EV: 12    Int: 17    God:
Gold:   325        SH:  0    Dex: 14    Spells: 2/9 levels left

rFire   . . .        q - staff of earth {!a}
rCold   . . .        (no shield)
rNeg    . . .        a - +0 robe
rPois   +            (helmet restricted)
rElec   .            (no cloak)
rCorr   .            s - +0 pair of gloves
SInv    .            (boots unavailable)
Will    .....        (no amulet)
Stlth   ++           P - ring of poison resistance
HPRegen 0.25/turn    (no ring)
MPRegen 0.12/turn

%: acrobat
@: no status effects
A: beak, talons 3, acrobatic
a: no special abilities


You were on level 5 of the Dungeon.
You visited 1 branch of the dungeon, and saw 5 of its levels.

You collected 325 gold pieces.


Innate Abilities, Weirdness & Mutations

You have a beak for a mouth.
You have claws for feet.
You can magically evade attacks while moving or waiting.


   Skills:
 + Level 2.1 Fighting
 - Level 2.1 Dodging
 - Level 2.0 Stealth
 - Level 2.0 Spellcasting
 - Level 1.3 Conjurations
 - Level 9.0 Air Magic


You had 2 spell levels left.
You knew the following spells:

 Your Spells              Type           Power      Damage    Failure   Level
a - Airstrike             Air            16%        2d(3-19)  4%          4
t - Static Discharge      Conj/Air       38%        3-5/arc   3%          2
z - Shock                 Conj/Air       76%        1d7       2%          1

Your spell library contained the following spells:

 Spells                   Type           Power      Damage    Failure   Level
 Slow                     Hex            4%         N/A       19%         1
 Swiftness                Air            32%        N/A       1%          3
 Confusing Touch          Hex            1%         N/A       50%         3
 Sigil of Binding         Hex            1%         N/A       50%         3
 Vampiric Draining        Necr           1%         2d6       50%         3

Inventory:

Armour
 a - a +0 robe (worn)
 s - a +0 pair of gloves (worn)
Magical Staves
 q - a staff of earth (weapon) {!a}
Jewellery
 F - a ring of fire
 P - a ring of poison resistance (left hand)
Wands
 u - a wand of flame (19)
Scrolls
 c - a scroll of fog {unknown}
 d - a scroll of enchant armour {unknown}
 h - a scroll of teleportation {unknown}
 m - 2 scrolls of immolation {unknown}
 n - 2 scrolls of amnesia {unknown}
 p - a scroll of blinking {unknown}
 r - 2 scrolls of identify {unknown}
Potions
 b - a potion of magic
 e - a potion of might {unknown}
 f - a potion of haste {unknown}
 g - a potion of lignification {unknown}
 i - 3 potions of attraction {unknown}
 j - 6 potions of curing {unknown}
 k - 2 potions of resistance {unknown}
 l - 2 potions of degeneration {unknown}
 o - a potion of heal wounds {unknown}
 t - a potion of ambrosia {unknown}
 v - a potion of mutation {unknown}

Dungeon Overview and Level Annotations

Branches:
Dungeon (5/15)
 Temple: D:4-7

Altars:
Makhleb

Annotations:
D:4 Grinder

....# ###.# #.#
###.######## ...........#
##.........# #.........#
#>#.......###############
##.#......<.)...@........#
......(............#####.#
##.#.......##.###.#.## #.#
#.####.####.....###c# #.#
#.# #># #..###.#..###.##
##.####.#
#..####.#.##.#(#####
........#
#...........###....#
##.######
#.......###..#.###.# #.#
###..####.# #..<..##.#


You could see a centaur.


Message History

The dart slug launches a dart at you. The slug dart misses you.
The zap hits the dart slug!
The dart slug is almost dead.
The zap hits the dart slug.
You kill the dart slug!
You can't see any susceptible monsters within range! (Use Z to cast anyway.)
i - 3 purple potions (gained 1)
Found 4 stones.
You see here 4 stones.
Key pressed, stopping explore.
Key pressed, stopping explore.
A centaur comes into view.
The zap hits the centaur.
The centaur is moderately wounded.
The centaur shouts!
The centaur wields a +0 orcbow.
The centaur shoots an arrow.
The arrow hits you.
The zap hits the centaur.
The centaur is heavily wounded.
The centaur shoots an arrow.
The arrow hits you!
* * * LOW HITPOINT WARNING * * *
The centaur shoots an arrow.
The arrow hits you!
* * * LOW HITPOINT WARNING * * *
You are too injured to fight recklessly!
You are too injured to fight recklessly!
Unknown command.
There is a stone staircase leading up here.
The centaur shoots an arrow.
The arrow hits you!
You die...

Skill      XL: |  1  2  3  4  5  6 |
---------------+-------------------+-----
Air Magic      | 5 6 7 8 9 |  9.0
Fighting       | 2 |  2.1
Dodging        | |  2.1
Stealth        | |  2.0
Spellcasting   | |  2.0
Conjurations   | |  1.3

Action                     |  1- 3 |  4- 6 || total
---------------------------+-------+-------++-------
  Melee: Unarmed           |     4 |       ||     4
         Peck              |     2 |     1 ||     3
         Kick              |     1 |     1 ||     2
         Staff             |       |     2 ||     2
   Cast: Shock             |    68 |    80 ||   148
         Static Discharge  |       |     6 ||     6
 Armour: Robe              |     9 |    20 ||    29
  Dodge: Dodged            |    10 |    11 ||    21

Levels and vault maps discovered:
D:1:      onia_arrival_zoo_common, layout_loops_ring, serial_rivers,
          chequers_serial_rivers_room_a, chequers_serial_rivers_micro_c,
          chequers_serial_rivers_micro_e, chequers_serial_rivers_micro_e
D:2:      layout_basic, serial_forest, infiniplex_forest_lined_corner,
          infiniplex_forest_clump_small, infiniplex_forest_end_3,
          infiniplex_forest_lined_room_3, infiniplex_forest_3_way,
          infiniplex_forest_zigzag_1, infiniplex_forest_diagonal,
          infiniplex_forest_end_1, infiniplex_forest_lined_room_, hex_medium
D:3:      layout_basic, nrook_loot_triangle, patterned_corridor, uniq_robin,
          uniq_jessica
D:4:      layout_cave_pods, uniq_grinder
D:5:      layout_loops_ring, bloody_makhleb

Notes
Turn   | Place    | Note
-------+----------+-------------------------------------------
     0 | D:1      | quinnr the Tengu Air Elementalist began the quest for the
                  | Orb.
     0 | D:1      | Reached XP level 1. HP: 10/10 MP: 4/4
     6 | D:1      | Noticed a swamp worm
     6 | D:1      | Noticed a polar bear
     6 | D:1      | Noticed a scorpion
     7 | D:1      | Noticed a hound
     7 | D:1      | Noticed a salamander
   566 | D:1      | Reached XP level 2. HP: 15/15 MP: 1/6
   937 | D:2      | Reached skill level 5 in Air Magic
   990 | D:2      | Reached XP level 3. HP: 18/19 MP: 0/7
  1354 | D:2      | Reached skill level 6 in Air Magic
  2181 | D:3      | Reached XP level 4. HP: 24/24 MP: 4/8
  2198 | D:3      | Learned a level 4 spell: Airstrike
  2376 | D:3      | Reached skill level 7 in Air Magic
  2379 | D:3      | Reached XP level 5. HP: 18/28 MP: 2/9
  2725 | D:3      | Noticed Jessica
  2738 | D:3      | Killed Jessica
  2797 | D:3      | Learned a level 2 spell: Static Discharge
  3033 | D:3      | Noticed Robin
  3043 | D:3      | Killed Robin
  3044 | D:3      | Reached skill level 8 in Air Magic
  3160 | D:4      | Noticed Grinder
  3344 | D:5      | Entered Level 5 of the Dungeon
  3388 | D:5      | Reached XP level 6. HP: 27/32 MP: 2/10
  3463 | D:5      | Reached skill level 9 in Air Magic
  3551 | D:5      | Reached skill level 1 in Fighting
  3607 | D:5      | Found a burning altar of Makhleb.
  3625 | D:5      | Reached skill level 2 in Fighting
  3790 | D:5      | Identified the +1 ring mail of Haunted Brilliance {rN+++
                  | Str+3 Dex-4}
  3928 | D:5      | HP: 2/35 [centaur/arrow (13)]
  3935 | D:5      | Shot with an arrow by a centaur

Vanquished Creatures
  A scorpion (D:5)
  A jelly (D:5)
  An orc priest (D:3)
  Jessica (D:3)
  2 iguanas (D:5)
  Robin (D:3)
  4 gnolls (D:3)
  4 adders
  2 worms
  A dart slug (D:5)
  7 orcs
  2 ball pythons (D:2)
  2 endoplasms (D:2)
  A giant cockroach (D:2)
  13 goblins
  3 hobgoblins
  4 kobolds
  4 quokkas
  6 bats
  2 frilled lizards
  6 rats
68 creatures vanquished.

Table legend: (Time is in decaauts)
 A = Elapsed time spent in this place.
 B = Non-inter-level travel time spent in this place.
 C = Inter-level travel time spent in this place.
 D = Time resting spent in this place.
 E = Time spent auto-exploring this place.
 F = Levels seen in this place.
 G = Mean time per level.
                   A        B        C        D        E       F      G
               +--------+--------+--------+--------+--------+-----+--------+
         Total |   3937 |   3743 |    194 |    123 |   3171 |   5 |  787.4 |
       Dungeon |   3937 |   3743 |    194 |    123 |   3171 |   5 |  787.4 |
               +--------+--------+--------+--------+--------+-----+--------+

Top non-repeatable levels by time:
     D:2: 1211 daAuts
     D:3: 1083 daAuts
     D:1: 902 daAuts
     D:5: 517 daAuts
     D:4: 222 daAuts

Table legend:
 A = Non-vault XP
 B = Vault XP
 C = Vault XP percentage of total XP
 D = Non-vault monster count
 E = Vault monster count
 F = Vault count percentage of total count
                 A         B        C        D         E       F
            +---------+---------+-------+---------+---------+-------
      Total |     444 |      63 |  12.4 |      60 |       8 |  11.8
            +---------+---------+-------+---------+---------+-------
        D:1 |      10 |       0 |   0.0 |       7 |       0 |   0.0
        D:2 |      64 |       0 |   0.0 |      23 |       0 |   0.0
        D:3 |     121 |      63 |  34.2 |      15 |       8 |  34.8
        D:4 |      31 |       0 |   0.0 |       5 |       0 |   0.0
        D:5 |     218 |       0 |   0.0 |      10 |       0 |   0.0
            +---------+---------+-------+---------+---------+-------

Levels and vault maps discovered:
D:1:      onia_arrival_zoo_common, layout_loops_ring, serial_rivers,
          chequers_serial_rivers_room_a, chequers_serial_rivers_micro_c,
          chequers_serial_rivers_micro_e, chequers_serial_rivers_micro_e
D:2:      layout_basic, serial_forest, infiniplex_forest_lined_corner,
          infiniplex_forest_clump_small, infiniplex_forest_end_3,
          infiniplex_forest_lined_room_3, infiniplex_forest_3_way,
          infiniplex_forest_zigzag_1, infiniplex_forest_diagonal,
          infiniplex_forest_end_1, infiniplex_forest_lined_room_, hex_medium
D:3:      layout_basic, nrook_loot_triangle, patterned_corridor, uniq_robin,
          uniq_jessica
D:4:      layout_cave_pods, uniq_grinder
D:5:      layout_loops_ring, bloody_makhleb
